 Dungeon Crawl Stone Soup version 0.29-a0-8-g0446c0dae4 (webtiles) character file.

Game seed: 9762690155308958406

13 Orangeyouglad the Skirmisher (level 2, -1/24 HPs)
             Began as a Human Cinder Acolyte on Jan 27, 2022.
             Was a High Priest of Ignis.
             Slain by a goblin (4 damage)
             ... on level 1 of the Dungeon.
             The game lasted 00:02:27 (725 turns).

Orangeyouglad the Skirmisher (Human Cinder Acolyte)  Turns: 725, Time: 00:02:28

Health: -1/24      AC:  9    Str: 14    XL:     2   Next: 50%
Magic:  1/3        EV: 11    Int: 14    God:    Ignis [*****.]
Gold:   34         SH:  0    Dex:  8    Spells: 1/3 levels left

rFire   + . .      SeeInvis .   a - -1 falchion (flame)
rCold   . . .      Faith    .   (no shield)
rNeg    . . .      Spirit   .   b - +0 robe
rPois   .          Reflect  .   (no helmet)
rElec   .          Harm     .   (no cloak)
rCorr   .          Rampage  .   (no gloves)
Will    .....                   (no boots)
Stlth   +.........              (no amulet)
HPRegen 0.08/turn               (no ring)
MPRegen 0.08/turn               (no ring)

@: fiery-armoured
A: no striking features
a: Renounce Religion, Fiery Armour, Foxfire Swarm


You were on level 1 of the Dungeon.
You worshipped Ignis.
Ignis was extremely pleased with you.
You visited 1 branch of the dungeon, and saw 2 of its levels.

You collected 34 gold pieces.

Inventory:

Hand Weapons
 a - a -1 falchion of flaming (weapon)
Armour
 b - a +0 robe (worn)


   Skills:
 + Level 3.2 Fighting
 - Level 3.0 Long Blades
 + Level 0.8 Dodging
 + Level 1.3 Spellcasting
 + Level 3.1 Fire Magic


You had one spell level left.
You knew the following spells:

 Your Spells              Type           Power      Damage    Failure   Level
a - Scorch                Fire           18%        2d5       11%         2

Your spell library contained the following spells:

 Spells                   Type           Power      Damage    Failure   Level
 Inner Flame              Hex/Fire       5%         N/A       38%         3
 Cause Fear               Hex            0%         N/A       95%         4
 Discord                  Hex            0%         N/A       100%        8


Dungeon Overview and Level Annotations

Branches:
Dungeon (2/15)

Altars:


Message History

A gnoll comes into view. It is wielding a +0 spear.
You start resting.
HP restored.
A gnoll comes into view. It is wielding a +0 spear.
The gnoll shouts! x2; You hear a shout!
The gnoll hits you with a +0 halberd.
The gnoll moves out of view.
You closely miss the gnoll. The gnoll hits you with a +0 halberd.
You hit the gnoll. You burn the gnoll.
The gnoll is heavily wounded.
The gnoll misses you. The gnoll hits you with a +0 halberd!
You hit the gnoll but do no damage.
The gnoll is heavily wounded.
The gnoll barely misses you. The gnoll closely misses you.
The gnoll throws a throwing net.
The throwing net hits you.
You become entangled in the net!
You see here a throwing net.
You tear a large gash into the net.
You struggle against the net.
The gnoll closely misses you.
You struggle against the net.
The gnoll hits you from afar with a +0 spear.
* * * LOW HITPOINT WARNING * * *
You begin to rise into the air.
The gnoll barely misses you.
Casting: Scorch (safe; 11% risk of failure)
Confirm with . or Enter, or press ? or * to list all spells.
Flames lash the gnoll.
The gnoll is severely wounded.
The gnoll's fire resistance burns away.
With a burst of heat and light, you rocket upward!
A goblin, an endoplasm and a quokka come into view.
The goblin shouts!
The endoplasm quivers.
A frilled lizard comes into view.
The quokka bites you.
* * * LOW HITPOINT WARNING * * *
Found four items.
There is a shaft here.
Okay, then.
A protective cloak of flame settles atop you.
The quokka barely misses you. The goblin hits you with a +0 club.
You die...

###########.
##$..........
##....?....... #
#............. #.
#..@gJ.........####.
#..r................
#......(l..... ##...
#....!^.............
##...............#..
##............. #.
##########.. # . .
.. ..


You could see an endoplasm, a quokka, a goblin and a frilled lizard.

Vanquished Creatures
  2 endoplasms (D:1)
  2 goblins (D:1)
  A jackal (D:1)
  2 kobolds (D:1)
  A quokka (D:1)
  2 ball pythons (D:1)
  2 rats (D:1)
12 creatures vanquished.

Notes
Turn   | Place    | Note
-------+----------+-------------------------------------------
     0 | D:1      | Orangeyouglad the Human Cinder Acolyte began the quest for
                  | the Orb.
     0 | D:1      | Reached XP level 1. HP: 18/18 MP: 2/2
   294 | D:1      | Reached XP level 2. HP: 18/24 MP: 3/3
   368 | D:1      | Learned a level 2 spell: Scorch
   725 | D:1      | Slain by a goblin

Illustrated notes

Levels and vault maps discovered:
D:1:      dpeg_arrival_arbitrary_b, layout_rooms
D:2:      layout_basic

Action                   || total
-------------------------++-------
Melee: Falchion          ||    43
 Cast: Scorch            ||     3
Invok: Rising Flame      ||     1
       Fiery Armour      ||     1
Armor: Robe              ||    18
Dodge: Dodged            ||    44

Table legend: (Time is in decaauts)
 A = Elapsed time spent in this place.
 B = Non-inter-level travel time spent in this place.
 C = Inter-level travel time spent in this place.
 D = Time resting spent in this place.
 E = Time spent auto-exploring this place.
 F = Levels seen in this place.
 G = Mean time per level.
                   A        B        C        D        E       F      G
               +--------+--------+--------+--------+--------+-----+--------+
         Total |    731 |    731 |      0 |    386 |    159 |   2 |  365.5 |
       Dungeon |    731 |    731 |      0 |    386 |    159 |   2 |  365.5 |
               +--------+--------+--------+--------+--------+-----+--------+

Top non-repeatable levels by time:
     D:1: 498 daAuts
     D:2: 233 daAuts
